 Dungeon Crawl Stone Soup version 0.29.0-10-g45618ea6d2 (webtiles) character file.

Game seed: 7948793729129278996

1309 xian the Magician (level 8, -4/54 HPs)
             Began as a Demonspawn Air Elementalist on Sept 2, 2022.
             Was a Priest of Fedhas.
             Slain by an unseen horror (13 damage)
             ... on level 5 of the Dungeon.
             The game lasted 00:18:16 (5570 turns).

xian the Magician (Demonspawn Air Elementalist)     Turns: 5570, Time: 00:18:17

Health: -4/54      AC:  3    Str:  8    XL:     8   Next: 32%
Magic:  4/16       EV: 13    Int: 19    God:    Fedhas [***...]
Gold:   214        SH:  0    Dex: 16    Spells: 15/18 levels left

rFire   + . .      SeeInvis .   s - +2 dagger (elec)
rCold   . . .      Faith    .   (no shield)
rNeg    . . .      Spirit   .   (no body armour)
rPois   .          Reflect  .   d - +0 helmet
rElec   .          Harm     +   q - scarf {harm}
rCorr   +          Rampage  .   g - +0 pair of gloves
Will    .....                   j - +0 pair of boots
Stlth   +++.......              (no amulet)
HPRegen 0.18/turn               h - ring of protection from fire
MPRegen 0.15/turn               n - ring of resist corrosion

@: very slightly contaminated
A: claws 1, thin skeletal structure 1, powered by death 1, mutation resistance
1, wild magic 1
a: Renounce Religion, Wall of Briars, Grow Ballistomycete


You were on level 5 of the Dungeon.
You worshipped Fedhas.
Fedhas was most pleased with you.
You visited 1 branch of the dungeon, and saw 5 of its levels.

You collected 214 gold pieces.

Inventory:

Hand Weapons
 s - a +2 dagger of electrocution (weapon)
Missiles
 o - 2 curare-tipped darts
Armour
 d - a +0 helmet (worn)
 g - a +0 pair of gloves (worn)
 j - a +0 pair of boots (worn)
 q - a scarf of harm (worn)
 t - a +0 leather armour of fire resistance
Jewellery
 h - a ring of protection from fire (left hand)
 n - a ring of resist corrosion (right hand)
 u - a +4 ring of evasion
Wands
 e - a wand of digging (8)
Scrolls
 a - a scroll of enchant armour
 c - a scroll of vulnerability {unknown}
 i - a scroll of fog {unknown}
 l - a scroll of amnesia
 p - 2 scrolls of immolation {unknown}
 r - 3 scrolls of magic mapping
 v - 2 scrolls of teleportation {unknown}
 y - 2 scrolls of summoning {unknown}
Potions
 b - a potion of magic
 f - a potion of curing {unknown}
 k - 2 potions of haste {unknown}
 m - 4 potions of attraction
 w - a potion of berserk rage {unknown}
 x - 3 potions of might


   Skills:
 + Level 1.5 Fighting
 + Level 0.5 Short Blades
 + Level 1.5 Armour
 + Level 2.6 Dodging
 + Level 2.7 Stealth
 + Level 5.7 Spellcasting
 + Level 4.8 Conjurations
 + Level 5.3 Air Magic


You had 15 spell levels left.
You knew the following spells:

 Your Spells              Type           Power      Damage    Failure   Level
a - Shock                 Conj/Air       100%       1d9       2%          1
b - Static Discharge      Conj/Air       32%        3-7/arc   4%          2

Your spell library contained the following spells:

 Spells                   Type           Power      Damage    Failure   Level
 Swiftness                Air            33%        N/A       6%          3
 Dazzling Flash           Conj/Hex       36%        N/A       19%         3
 Airstrike                Air            16%        2d(3-19)  19%         4
 Sublimation of Blood     Necr           7%         N/A       24%         2
 Iskenderun's Mystic Bla  Conj/Tloc      18%        2d6       47%         4
 Petrify                  Tmut/Erth      7%         N/A       82%         4
 Irradiate                Conj/Tmut      9%         3d14      82%         5
 Starburst                Conj/Fire      9%         6d5       100%        6


Dungeon Overview and Level Annotations

Branches:
Dungeon (5/15)
 Temple: D:4-7

Altars:
Ashenzari
Fedhas
Gozag
Yredelemnul

Shops:
D:2 (


Innate Abilities, Weirdness & Mutations

You have sharp fingernails.
You have a somewhat thin skeletal structure. (Dex +2, Stealth+)
You regenerate a little health from kills.
You are somewhat resistant to further mutation.
Your spells are a little harder to cast, but a little more powerful.


Message History

Something is struck by an arc of lightning!
You are struck by an arc of lightning.
The lightning grounds out.
Something hits you! Something hits you but does no damage. Something hits you.
Casting: Static Discharge (safe; 4% risk of failure)
Confirm with . or Enter, or press ? or * to list all spells.
You can't see any susceptible monsters within range! (Use Z to cast anyway.)
Casting: Static Discharge (safe; 4% risk of failure)
Confirm with . or Enter, or press ? or * to list all spells.
You miscast Static Discharge.
You are very lightly contaminated with residual magic.
Nothing appears to happen.
Something barely misses you.
Casting: Static Discharge (safe; 4% risk of failure)
Confirm with . or Enter, or press ? or * to list all spells.
You can't see any susceptible monsters within range! (Use Z to cast anyway.)
Casting: Static Discharge (safe; 4% risk of failure)
Confirm with . or Enter, or press ? or * to list all spells.
Something is struck by an arc of lightning.
You are struck by an arc of lightning.
Something is struck by an arc of lightning.
The lightning grounds out.
Something hits you.
Unknown command.
Something hits you.
Casting: Static Discharge (safe; 4% risk of failure)
Confirm with . or Enter, or press ? or * to list all spells.
You can't see any susceptible monsters within range! (Use Z to cast anyway.)
Casting: Static Discharge (safe; 4% risk of failure)
Confirm with . or Enter, or press ? or * to list all spells.
Something is struck by an arc of lightning!
You are struck by an arc of lightning.
Something is struck by an arc of lightning!
You are struck by an arc of lightning.
* * * LOW HITPOINT WARNING * * *
The lightning grounds out.
Something hits you.
* * * LOW HITPOINT WARNING * * *
Unknown command.
Something hits you!
You die...
Fedhas appreciates your contribution to the ecosystem.

#......#..#......#,,,,,,,,,*,,,,
#..#####..#####..#,,,,,,,,,*,,,,
#......#..#..)...#,,,,,,,,,,,,,,
#......#..#......#,,,,,,,*,,,,,,
#####..#..#..#####*,,,,,,*,,,...
#......#..#..†...#,,,,,,,,,,*#..
#......#..#...)..#*,,,,,,,,,,...
#..#####..#####.{#*,,,,,,,,<*##.
#......#..#....@.#**,,,,,,,*##..
#......#..#......#,*,,,,,..##.8.
#####..#..#..#####,,,,,,,..#....
#.[.#..#..#..#,,,*,,,,,**,......
#.8.#..#..#..#,,,*.##,,,,,......
#...)..#..#,.',,,*..##...**,#.8.
########..########...#.....,##..
#......##..............###.
##.....#..............##...


There were no monsters in sight!

Vanquished Creatures
  Sigmund (D:4)
  A black bear (D:5)
  An ogre (D:5)
  A phantom (D:4)
  3 scorpions
  2 necrophages (D:5)
  A howler monkey (D:5)
  4 hounds
  4 jellies
  An iguana (D:5)
  Natasha (D:2)
  Robin (D:4)
  9 adders
  3 gnolls (D:4)
  A shadow imp (D:5)
  2 white imps (D:5)
  5 worms
  4 dart slugs
  11 orcs
  9 bats
  4 endoplasms
  4 giant cockroaches
  11 goblins
  11 hobgoblins
  2 jackals (D:3)
  14 kobolds
  4 quokkas
  13 ball pythons
  A frilled lizard (D:2)
  8 rats
137 creatures vanquished.

Vanquished Creatures (others)
  9 plants (D:3)
9 creatures vanquished.

Grand Total: 146 creatures vanquished

Notes
Turn   | Place    | Note
-------+----------+-------------------------------------------
     0 | D:1      | xian the Demonspawn Air Elementalist began the quest for
                  | the Orb.
     0 | D:1      | Reached XP level 1. HP: 13/13 MP: 3/3
   405 | D:1      | Gained mutation: You regenerate a little health from kills.
                  | [demonic ancestry]
   405 | D:1      | Reached XP level 2. HP: 19/19 MP: 1/5
  1101 | D:2      | Learned a level 2 spell: Static Discharge
  1197 | D:2      | Reached XP level 3. HP: 24/24 MP: 3/6
  1428 | D:2      | Gained mutation: You have sharp fingernails. [demonic
                  | ancestry]
  1428 | D:2      | Reached XP level 4. HP: 19/30 MP: 0/8
  1537 | D:2      | Found a blossoming altar of Fedhas.
  1552 | D:2      | Became a worshipper of Fedhas Madash
  1608 | D:2      | Found a faded altar of an unknown god.
  1851 | D:2      | Found Sazouwo's Weapon Emporium.
  2154 | D:2      | Noticed Natasha
  2160 | D:2      | Killed Natasha
  2555 | D:3      | Reached * piety under Fedhas
  2656 | D:3      | Found a basalt altar of Yredelemnul.
  2656 | D:3      | Found an opulent altar of Gozag.
  2656 | D:3      | Found a broken altar of Ashenzari.
  2822 | D:3      | Reached XP level 5. HP: 35/35 MP: 3/9
  3681 | D:4      | Reached ** piety under Fedhas
  3803 | D:4      | Reached skill level 1 in Armour
  3951 | D:4      | Gained mutation: Your spells are a little harder to cast,
                  | but a little more powerful. [potion of mutation]
  3951 | D:4      | Gained mutation: You are somewhat resistant to further
                  | mutation. [potion of mutation]
  3955 | D:4      | Gained mutation: You have a somewhat thin skeletal
                  | structure. (Dex +2, Stealth+) [demonic ancestry]
  3955 | D:4      | Reached XP level 6. HP: 23/42 MP: 0/11
  4040 | D:4      | Noticed Sigmund
  4236 | D:4      | Killed Sigmund
  4237 | D:4      | Reached XP level 7. HP: 40/47 MP: 4/13
  4321 | D:4      | Noticed Robin
  4324 | D:4      | Killed Robin
  4716 | D:5      | Entered Level 5 of the Dungeon
  4731 | D:5      | Reached skill level 1 in Fighting
  5039 | D:5      | Reached *** piety under Fedhas
  5207 | D:5      | Reached skill level 5 in Spellcasting
  5244 | D:5      | Reached skill level 5 in Air Magic
  5247 | D:5      | Reached XP level 8. HP: 27/54 MP: 0/15
  5570 | D:5      | Slain by an unseen horror

Illustrated notes

Levels and vault maps discovered:
D:1:      dpeg_arrival_more_subterranean_lakeside_camping, layout_basic
D:2:      layout_basic, shapermc_ecumenical_altar_venn, serial_shops, shop,
          basic_altar, minmay_pentomino_pile, uniq_natasha
D:3:      layout_rooms, gammafunk_temple_overflow_forgotten, serial_bayou,
          serial_bayou_pond_b, serial_bayou_crossing, serial_bayou_pond_b,
          serial_bayou_pond_c
D:4:      layout_cave_pools, uniq_robin, uniq_sigmund
D:5:      kennysheep_windowed_halls, layout_cave_pools,
          nicolae_qazlal_eye_of_the_storm, wad_floor_pattern_untrapped

Skill      XL: |  1  2  3  4  5  6  7 |
---------------+----------------------+-----
Air Magic      | 3 4 5 |  5.3
Dodging        | 2 |  2.6
Stealth        | 2 |  2.7
Spellcasting   | 3 4 5 |  5.7
Conjurations   | 2 3 4 |  4.8
Armour         | 1 |  1.5
Fighting       | 1 |  1.5
Short Blades   | |  0.5

Action                   |  1- 3 |  4- 6 |  7- 9 || total
-------------------------+-------+-------+-------++-------
Melee: Unarmed           |     3 |       |       ||     3
       Dagger            |     6 |    31 |     8 ||    45
 Cast: Shock             |    52 |   141 |    61 ||   254
       Static Discharge  |     3 |    10 |    22 ||    35
  Use: Potion            |       |     6 |       ||     6
       Scroll            |       |       |     4 ||     4
 Stab: Sleeping          |     1 |       |     1 ||     2
Armor: Leather armour    |     4 |    42 |       ||    46
       Skin              |       |     3 |     6 ||     9
Dodge: Dodged            |     7 |    81 |    18 ||   106
